 Dungeon Crawl Stone Soup version 0.20.0-15-g7f486f2 (webtiles) character file.

10546 theElss the Peltast (level 11, -3/64 HPs)
             Began as a Gargoyle Berserker on June 22, 2017.
             Was a High Priest of Trog.
             Slain by a hornet (9 damage)
             ... on level 11 of the Dungeon.
             The game lasted 00:31:35 (11602 turns).

theElss the Peltast (Gargoyle Berserker)           Turns: 11602, Time: 00:31:36

Health: -3/64      AC: 19    Str: 24    XL:     11   Next: 63%
Magic:  0/11       EV: 12    Int:  8    God:    Trog [*****.]
Gold:   539        SH: 16    Dex:  9    Spells: 10/10 levels left

rFire    + . .     SeeInvis .   a - +0 mace
rCold    + + .     Gourm    .   d - +2 shield of Resistance {rF+ rC+ MR+}
rNeg     + . .     Faith    .   l - +0 ring mail
rPois    ∞         Spirit   +   z - +1 hat
rElec    +         Reflect  .   G - +0 cloak
rCorr    .         Harm     .   J - +2 pair of gloves
MR       +....                  y - +0 pair of boots
Stlth    ..........             n - amulet of guardian spirit
Regen    0.2/turn               t - ring of protection from cold
MPRegen  0.2/turn               (no ring)

@: berserk cooldown, starving, slowed, very slow
A: negative energy resistance 1, electricity resistance, unbreathing,
petrification resistance, rot immunity, AC +7
a: Berserk, Trog's Hand, Brothers in Arms, Burn Spellbooks, Renounce Religion


You were on level 11 of the Dungeon.
You worshipped Trog.
Trog was extremely pleased with you.
You were starving.

You visited 1 branch of the dungeon, and saw 11 of its levels.

You collected 539 gold pieces.

Inventory:

Hand Weapons
 a - a +0 mace (weapon)
Armour
 d - the +2 shield of Resistance (worn) {rF+ rC+ MR+}
   (You found it on level 5 of the Dungeon)

   It protects you from fire.
   It protects you from cold.
   It affects your resistance to hostile enchantments.
 l - a +0 ring mail (worn)
 y - a +0 pair of boots (worn)
 z - a +1 hat (worn)
 G - a +0 cloak (worn)
 J - a +2 pair of gloves (worn)
Jewellery
 n - an amulet of guardian spirit (around neck)
 t - a ring of protection from cold (left hand)
Wands
 f - a wand of iceblast (3/15)
 q - a wand of acid (2/15)
 B - a wand of flame (26/48)
 C - a wand of random effects (31/48)
 K - a wand of iceblast (4/15)
 O - a wand of disintegration (9/24)
Scrolls
 e - 3 scrolls of fog
 g - 2 scrolls of enchant armour
 h - 2 scrolls of enchant weapon {unknown}
 i - 4 scrolls of teleportation
 k - a scroll of recharging {unknown}
 u - 4 scrolls of remove curse
 x - 2 scrolls of magic mapping {unknown}
 A - a scroll of immolation {unknown}
 D - a scroll of brand weapon {unknown}
 F - a scroll of acquirement {unknown}
 I - a scroll of fear {unknown}
 P - 4 scrolls of amnesia {unknown}
Potions
 b - a potion of degeneration {unknown}
 m - 4 potions of curing
 o - 2 potions of might
 p - a potion of resistance {unknown}
 s - 2 potions of heal wounds
 H - a potion of lignification {unknown}
 L - a potion of ambrosia {unknown}
 M - a potion of flight {unknown}
 N - a potion of haste {unknown}
Books
 w - a book of Air

   Spells                             Type                      Level
   a - Shock                          Conjuration/Air              1
   b - Swiftness                      Charms/Air                   2
   c - Static Discharge               Conjuration/Air              3
   d - Airstrike                      Air                          4
   e - Lightning Bolt                 Conjuration/Air              5
   Trog disapproves of the use of such an item.
 E - a book of Air

   Spells                             Type                      Level
   a - Shock                          Conjuration/Air              1
   b - Swiftness                      Charms/Air                   2
   c - Static Discharge               Conjuration/Air              3
   d - Airstrike                      Air                          4
   e - Lightning Bolt                 Conjuration/Air              5
   Trog disapproves of the use of such an item.
 Q - a book of Frost

   Spells                             Type                      Level
   a - Freeze                         Ice                          1
   b - Throw Frost                    Conjuration/Ice              2
   c - Ozocubu's Armour               Charms/Ice                   3
   d - Throw Icicle                   Conjuration/Ice              4
   e - Summon Ice Beast               Ice/Summoning                4
   Trog disapproves of the use of such an item.
 R - a book of Misfortune

   Spells                             Type                      Level
   a - Confusing Touch                Hexes                        1
   b - Confuse                        Hexes                        3
   c - Gell's Gravitas                Translocation                3
   d - Petrify                        Transmutation/Earth          4
   e - Metabolic Englaciation         Hexes/Ice                    5
   f - Yara's Violent Unravelling     Hexes/Transmutation          5
   Trog disapproves of the use of such an item.
Comestibles
 c - 6 bread rations
 j - 6 fruits
 r - 4 meat rations
 v - 4 royal jellies


   Skills:
 - Level 5.2 Fighting
 - Level 6.6 Maces & Flails
 - Level 4.1 Armour
 - Level 2.7 Dodging
 - Level 0.2 Stealth
 + Level 16.3 Shields


You had 10 spell levels left.
You didn't know any spells.

Dungeon Overview and Level Annotations

Branches:
Dungeon (11/15)            Temple (0/1) D:5            Lair (0/6) D:11
    Orc (0/2) D:11

Altars:
Cheibriados
Dithmenos
Elyvilon
Hepliaklqana
Makhleb
Qazlal
Ru
The Shining One

Shops:
D:7 *

Annotations:
D:9 1 runed door


Innate Abilities, Weirdness & Mutations

You are resistant to torment.
Your stone body is resilient. (AC +7)
You are immune to poison.
You resist negative energy. (rN+)
You are resistant to electric shocks. (rElec)
You can survive without breathing.
You are immune to petrification.
You are immune to rotting.


Message History

You block the orc warrior's attack. The warg misses you.
You block the orc warrior's attack. You block the warg's attack.
You block the warg's attack. The orc warrior barely misses you.
You block the hornet's attack. You block the warg's attack.
Your skin stops crawling.
You feel less resistant to hostile enchantments.
The orc warrior hits you from afar with a halberd.
The hornet stings you! The warg bites you but does no damage.
The orc warrior hits you from afar with a halberd!
* * * LOW HITPOINT WARNING * * *
You block the hornet's attack. The hornet stings you.
* * * LOW HITPOINT WARNING * * *
Your ogre goes berserk!
You are starving!
You block the hornet's attack. The hornet stings you.
* * * LOW HITPOINT WARNING * * *
Unknown command.
You block the hornet's attack. You block the orc warrior's attack.
Your ogre misses the hornet. The hornet stings you!
You die...

##.........# #.................>
#.........###..................
#..........)(..................
#..........###[...........(.....
#.............o........)........
.%...........##..h...............
###.(........####o##.....#.......
#..........# #yO.....#.##......
####.#####.###@..............##
#$ #...........#..<....# ##
####...................##
...#.........................
.##..###................#..##
........................#.##
.......<...........######.#
................<.## ...
.######......#.....#


You could see a hornet, a warg, an orc warrior and a friendly ogre (berserk).

Vanquished Creatures
  2 two-headed ogres
  The ghost of Baril the Thaumaturge, a novice DEFE of Sif Muna (D:9)
  Joseph (D:9)
  A gargoyle (D:10)
  A troll (D:11)
  A shadow (D:11)
  10 yaks
  A wyvern (D:9)
  A warg (D:11)
  A water moccasin (D:10)
  7 orc warriors
  An ice beast (D:10)
  A black bear (D:7)
  A phantom (D:10)
  8 ogres
  5 centaurs
  A crocodile (D:10)
  A gnoll sergeant (D:10)
  5 bullfrogs
  A wyvern zombie (D:9)
  2 wyvern skeletons
  4 scorpions
  22 killer bees
  8 wights
  2 howler monkeys
  2 electric eels (D:6)
  6 crimson imps
  A bullfrog zombie (D:6)
  2 quasits (D:8)
  3 hounds
  2 jellies
  8 orc priests
  A bullfrog skeleton (D:10)
  An iguana (D:9)
  10 orc wizards
  12 worker ants
  A killer bee zombie (D:6)
  2 hound zombies
  A howler monkey zombie (D:11)
  A worker ant zombie (D:6)
  16 adders
  4 gnolls
  3 shadow imps
  2 oozes (D:3)
  An adder skeleton (D:5)
  2 worms (D:2)
  A dart slug (D:1)
  6 leopard geckos
  43 orcs
  4 giant cockroaches
  4 goblins
  7 hobgoblins
  6 jackals
  4 quokkas
  A ball python (D:6)
  11 bats
  7 frilled lizards
  6 kobolds
  A leopard gecko skeleton (D:4)
  A leopard gecko zombie (D:7)
  9 rats
281 creatures vanquished.

Vanquished Creatures (collateral kills)
  3 orc wizards (D:10)
3 creatures vanquished.

Grand Total: 284 creatures vanquished

Notes
Turn   | Place    | Note
-------+----------+-------------------------------------------
     0 | D:1      | theElss the Gargoyle Berserker began the quest for the Orb.
     0 | D:1      | Reached XP level 1. HP: 14/14 MP: 1/1
   108 | D:1      | Reached XP level 2. HP: 15/19 MP: 2/2
   581 | D:1      | Reached XP level 3. HP: 24/24 MP: 3/3
  1178 | D:2      | Found a stormy altar of Qazlal.
  1194 | D:2      | Reached ** piety under Trog
  1459 | D:2      | Reached XP level 4. HP: 29/29 MP: 4/4
  2275 | D:3      | Reached XP level 5. HP: 29/33 MP: 3/5
  2490 | D:3      | Reached skill level 5 in Maces & Flails
  2572 | D:3      | Reached XP level 6. HP: 17/39 MP: 2/6
  3212 | D:4      | Reached XP level 7. HP: 34/44 MP: 5/7
  3625 | D:5      | Entered Level 5 of the Dungeon
  3755 | D:5      | Found a sacrificial altar of Ru.
  3836 | D:5      | Reached skill level 5 in Fighting
  4085 | D:5      | Found a staircase to the Ecumenical Temple.
  4119 | D:5      | Reached *** piety under Trog
  4362 | D:6      | Reached skill level 1 in Shields
  4387 | D:6      | Reached skill level 2 in Shields
  4435 | D:6      | Reached skill level 3 in Shields
  4435 | D:6      | Reached XP level 8. HP: 25/49 MP: 3/8
  4447 | D:6      | Reached skill level 4 in Shields
  4788 | D:6      | Reached skill level 5 in Shields
  5151 | D:6      | Found a shadowy altar of Dithmenos.
  5154 | D:6      | Found a snail-covered altar of Cheibriados.
  5157 | D:6      | Found a white marble altar of Elyvilon.
  5208 | D:6      | Reached skill level 6 in Shields
  5403 | D:6      | Reached skill level 7 in Shields
  6005 | D:7      | Reached skill level 8 in Shields
  6005 | D:7      | Reached XP level 9. HP: 54/54 MP: 6/9
  6249 | D:7      | Reached skill level 9 in Shields
  6340 | D:7      | Reached **** piety under Trog
  6584 | D:7      | Found a glowing golden altar of the Shining One.
  6766 | D:7      | Reached skill level 10 in Shields
  6820 | D:7      | Found Beerasche's Assorted Antiques.
  7335 | D:8      | Reached skill level 11 in Shields
  7553 | D:8      | Found a burning altar of Makhleb.
  7612 | D:8      | Found a hazy altar of Hepliaklqana.
  7656 | D:8      | Reached XP level 10. HP: 56/59 MP: 10/10
  8080 | D:9      | Reached skill level 12 in Shields
  8531 | D:9      | Noticed Baril's ghost (novice DEFE)
  8553 | D:9      | Killed Baril's ghost
  8620 | D:9      | Reached skill level 13 in Shields
  8648 | D:9      | Found a runed door.
  8648 | D:9      | Noticed a great orb of eyes
  8648 | D:9      | Noticed a sphinx
  8648 | D:9      | Noticed a fire giant
  8650 | D:9      | Noticed a wolf spider
  8650 | D:9      | Noticed a wolf spider
  8650 | D:9      | Noticed a wolf spider
  8650 | D:9      | Noticed an orc knight
  8650 | D:9      | Noticed a four-headed hydra
  8709 | D:9      | Noticed Joseph
  8728 | D:9      | Killed Joseph
  9224 | D:9      | Reached ***** piety under Trog
  9270 | D:9      | You fall through a shaft!
  9270 | D:10     | Entered Level 10 of the Dungeon
  9275 | D:11     | Noticed a two-headed ogre
  9530 | D:10     | Reached skill level 14 in Shields
  9933 | D:10     | Noticed a gargoyle
  9949 | D:10     | Killed a gargoyle
 10130 | D:10     | Reached XP level 11. HP: 64/64 MP: 11/11
 10735 | D:10     | Reached skill level 15 in Shields
 10738 | D:10     | Received a gift from Trog
 10912 | D:10     | Noticed a two-headed ogre
 10919 | D:10     | Killed a two-headed ogre
 11089 | D:11     | Killed a two-headed ogre
 11161 | D:11     | Found a staircase to the Orcish Mines.
 11218 | D:11     | Reached skill level 16 in Shields
 11542 | D:11     | Found a staircase to the Lair.
 11602 | D:11     | Slain by a hornet

Skill      XL: |  1  2  3  4  5  6  7  8  9 10 11 |
---------------+----------------------------------+-----
Maces & Flails | 4 5 6 |  6.6
Dodging        | 2 |  2.7
Fighting       | 4 5 |  5.2
Armour         | 3 4 |  4.1
Shields        | 3 8 11 14 16 | 16.3
Stealth        | |  0.2

Action                   |  1- 3 |  4- 6 |  7- 9 | 10-12 || total
-------------------------+-------+-------+-------+-------++-------
Melee: Mace              |   103 |   177 |   674 |   855 ||  1809
Invok: Berserk           |       |     3 |     7 |    13 ||    23
       Trog's Hand       |       |     1 |     1 |     2 ||     4
       Brothers in Arms  |       |       |       |     2 ||     2
  Use: Scroll            |       |       |       |     6 ||     6
 Stab: Distracted        |     1 |       |       |       ||     1
  Eat: Chunk             |     1 |    10 |    22 |    26 ||    59
Armor: Animal skin       |    27 |       |       |       ||    27
       Ring mail         |       |    91 |   241 |   348 ||   680
Dodge: Dodged            |    76 |   129 |   253 |   322 ||   780
Block: Shield            |       |       |   477 |   793 ||  1270
